 Dungeon Crawl Stone Soup version 0.23.1-37-gaa34b87 (webtiles) character file.

Game seed: 1650163527037980263

164 myga the Skirmisher (level 5, 0/70 HPs)
             Began as a Gnoll Wanderer on Mar 25, 2019.
             Succumbed to an orc's poison
             ... on level 2 of the Dungeon.
             The game lasted 00:10:09 (1050 turns).

myga the Skirmisher (Gnoll Wanderer)                Turns: 1050, Time: 00:10:10

Health: 0/70       AC: 22    Str: 19    XL:     5   Next: 45%
Magic:  7/7        EV:  2    Int: 16    God:
Gold:   91         SH:  0    Dex: 19    Spells: 6/6 levels left

rFire    . . .     SeeInvis .   a - +2 spear
rCold    . . .     Gourm    .   (no shield)
rNeg     + + +     Faith    .   (armour currently unavailable)
rPois    +         Spirit   .   (helmet currently unavailable)
rElec    .         Reflect  .   (cloak currently unavailable)
rCorr    .         Harm     .   (gloves currently unavailable)
MR       .....     NoTele   +   (boots currently unavailable)
Stlth    +++.......             (no amulet)
HPRegen  0.21/turn              (no ring)
MPRegen  0.10/turn              (no ring)

@: mighty, agile, lethally poisoned (0 -> -1), tree-form
A: distributed training, strong nose
a: no special abilities


You were on level 2 of the Dungeon.
You were not hungry.
You were a tree.
You visited 1 branch of the dungeon, and saw 2 of its levels.

You collected 91 gold pieces.

Inventory:

Hand Weapons
 a - a +2 spear (weapon)
Missiles
 j - 25 stones (quivered)
Armour
 d - a +0 robe
 k - a +0 scale mail (melded)
 l - a +0 pair of gloves (melded)
Scrolls
 e - a scroll of remove curse
Comestibles
 f - 6 rations
 g - 7 chunks of flesh


   Skills:
 + Level 6.7 Fighting
 + Level 1.4 Short Blades
 + Level 1.4 Long Blades
 + Level 1.4 Axes
 + Level 1.4 Maces & Flails
 + Level 4.8 Polearms
 + Level 1.4 Staves
 + Level 1.4 Slings
 + Level 1.4 Bows
 + Level 1.4 Crossbows
 + Level 3.0 Throwing
 + Level 3.0 Armour
 + Level 3.0 Dodging
 + Level 2.7 Stealth
 + Level 1.4 Shields
 + Level 1.4 Unarmed Combat
 + Level 1.4 Spellcasting
 + Level 1.1 Conjurations
 + Level 1.1 Hexes
 + Level 1.1 Charms
 + Level 1.1 Summonings
 + Level 1.1 Necromancy
 + Level 1.1 Translocations
 + Level 1.1 Transmutations
 + Level 1.1 Fire Magic
 + Level 1.1 Ice Magic
 + Level 1.1 Air Magic
 + Level 1.1 Earth Magic
 + Level 1.1 Poison Magic
 + Level 1.6 Invocations
 + Level 3.0 Evocations


You had 6 spell levels left.
You didn't know any spells.
Your spell library was empty.

Dungeon Overview and Level Annotations

Branches:
Dungeon (2/15)

Altars:
Elyvilon


Innate Abilities, Weirdness & Mutations

Your experience applies equally to all skills.
((You have very sharp teeth.))
Your uncanny sense of smell can sniff out nearby items.


Message History

You feel very mighty all of a sudden.
The orc wizard hits you but does no damage.
You puncture the orc wizard!
You kill the orc wizard!
Your Throwing skill increases to level 3!
Your Armour skill increases to level 3!
Your Dodging skill increases to level 3!
Your Evocations skill increases to level 3!
* * * LOW HITPOINT WARNING * * *
You feel sick.
You feel agile all of a sudden.
Okay, then.
You cannot move.
You cannot move.
You cannot move.
You puncture the orc!
You kill the orc!
* * * LOW HITPOINT WARNING * * *
You feel sick.
You die...

##############
.............# #
#...........# .##<(
.##..........#####§.....
.............##§♣§§.# .
.............##§##.(#..
.#...........##§§§.§§..
.......÷.....#§§..(((..#
#.#..........†.#†##..(..
#.#..........#.(†.(...(.
#...............†.......
###.............#......
................#..((..


There were no monsters in sight!

Vanquished Creatures
  A bullfrog (D:2)
  A jelly (D:2)
  An orc wizard (D:2)
  A gnoll (D:1)
  A dart slug (D:2)
  3 leopard geckos
  2 orcs (D:2)
  A goblin (D:2)
  4 hobgoblins
  A quokka (D:2)
  3 ball pythons (D:1)
  5 bats
  A frilled lizard (D:2)
  4 kobolds
  2 rats (D:1)
31 creatures vanquished.

Notes
Turn   | Place    | Note
-------+----------+-------------------------------------------
     0 | D:1      | myga the Gnoll Wanderer began the quest for the Orb.
     0 | D:1      | myga set off with the following items: a +2 spear, a potion
                  | of lignification, a potion of curing, a +0 robe, a ration
     0 | D:1      | Reached XP level 1. HP: 23/23 MP: 2/2
   137 | D:1      | Reached XP level 2. HP: 16/29 MP: 3/3
   850 | D:2      | Found a white marble altar of Elyvilon.
   864 | D:2      | Reached XP level 3. HP: 35/35 MP: 4/4
   930 | D:2      | Reached skill level 1 in Short Blades
   930 | D:2      | Reached skill level 1 in Long Blades
   930 | D:2      | Reached skill level 1 in Axes
   930 | D:2      | Reached skill level 1 in Maces & Flails
   930 | D:2      | Reached skill level 1 in Staves
   930 | D:2      | Reached skill level 1 in Slings
   930 | D:2      | Reached skill level 1 in Bows
   930 | D:2      | Reached skill level 1 in Crossbows
   930 | D:2      | Reached skill level 1 in Shields
   930 | D:2      | Reached skill level 1 in Unarmed Combat
   930 | D:2      | Reached skill level 1 in Spellcasting
   930 | D:2      | Reached skill level 1 in Invocations
   930 | D:2      | Reached XP level 4. HP: 37/41 MP: 4/6
   977 | D:2      | Noticed a bullfrog
  1013 | D:2      | Killed a bullfrog
  1013 | D:2      | Reached skill level 1 in Conjurations
  1013 | D:2      | Reached skill level 1 in Hexes
  1013 | D:2      | Reached skill level 1 in Charms
  1013 | D:2      | Reached skill level 1 in Summonings
  1013 | D:2      | Reached skill level 1 in Necromancy
  1013 | D:2      | Reached skill level 1 in Translocations
  1013 | D:2      | Reached skill level 1 in Transmutations
  1013 | D:2      | Reached skill level 1 in Fire Magic
  1013 | D:2      | Reached skill level 1 in Ice Magic
  1013 | D:2      | Reached skill level 1 in Air Magic
  1013 | D:2      | Reached skill level 1 in Earth Magic
  1013 | D:2      | Reached skill level 1 in Poison Magic
  1013 | D:2      | Reached XP level 5. HP: 17/47 MP: 7/7
  1033 | D:2      | HP: 3/70 [poisoned by an orc]
  1040 | D:2      | HP: 1/70 [poisoned by an orc]
  1046 | D:2      | HP: 1/70 [poisoned by an orc]
  1050 | D:2      | Succumbed to an orc's poison

Skill      XL: |  1  2  3  4  5 |
---------------+----------------+-----
Short Blades   | 1 |  1.4
Long Blades    | 1 |  1.4
Axes           | 1 |  1.4
Maces & Flails | 1 |  1.4
Staves         | 1 |  1.4
Slings         | 1 |  1.4
Bows           | 1 |  1.4
Crossbows      | 1 |  1.4
Shields        | 1 |  1.4
Unarmed Combat | 1 |  1.4
Spellcasting   | 1 |  1.4
Invocations    | 1 |  1.6
Conjurations   | 1 |  1.1
Hexes          | 1 |  1.1
Charms         | 1 |  1.1
Summonings     | 1 |  1.1
Necromancy     | 1 |  1.1
Translocations | 1 |  1.1
Transmutations | 1 |  1.1
Fire Magic     | 1 |  1.1
Ice Magic      | 1 |  1.1
Air Magic      | 1 |  1.1
Earth Magic    | 1 |  1.1
Poison Magic   | 1 |  1.1
Throwing       | 3 |  3.0
Armour         | 3 |  3.0
Dodging        | 3 |  3.0
Evocations     | 3 |  3.0
Fighting       | |  6.7
Polearms       | |  4.8
Stealth        | |  2.7

Action                   |  1- 3 |  4- 6 || total
-------------------------+-------+-------++-------
Melee: Spear             |    46 |    47 ||    93
       Bite              |     5 |     3 ||     8
Throw: Stone             |     8 |    15 ||    23
  Use: Scroll            |     4 |     3 ||     7
       Potion            |       |     5 ||     5
 Stab: Sleeping          |     6 |       ||     6
Armor: Scale mail        |       |    27 ||    27
       Skin              |       |     7 ||     7
Dodge: Dodged            |    14 |    38 ||    52
